 Dungeon Crawl Stone Soup version 0.21-a0-442-g848f44b (webtiles) character file.

1949 Ijustatesigmund the Skirmisher (level 9, -1/63 HPs)
             Began as an Octopode Artificer on Nov 14, 2017.
             Was a Believer of Okawaru.
             Slain by an orc
             ... wielding a +0 trident
              (3 damage)
             ... on level 8 of the Dungeon.
             The game lasted 00:16:53 (6213 turns).

Ijustatesigmund the Skirmisher (Octopode Artificer) Turns: 6213, Time: 00:16:54

Health: -1/63      AC:  1    Str: 11    XL:     9   Next: 18%
Magic:  13/13      EV: 15    Int: 13    God:    Okawaru [**....]
Gold:   269        SH:  0    Dex: 16    Spells: 8/8 levels left

rFire    . . .     SeeInvis .   a - +4 mace (protect)
rCold    . . .     Gourm    .   (no shield)
rNeg     . . .     Faith    .   (helmet restricted)
rPois    .         Spirit   .   A - amulet of inaccuracy (curse)
rElec    .         Reflect  .   w - ring of teleportation (curse)
rCorr    .         Harm     .   (no ring)
MR       .....     Rnd*Tele +   (no ring)
Stlth    ++++......             (no ring)
HPRegen  0.20/turn              (no ring)
MPRegen  0.13/turn              (no ring)
                                (no ring)
                                (no ring)

@: hasted, very quick
A: almost no armour, stealthy swim, amphibious, 8 rings, constrict 8, camouflage
1, gelatinous body 1
a: Heroism, Renounce Religion


You were on level 8 of the Dungeon.
You worshipped Okawaru.
Okawaru was pleased with you.
You were not hungry.

You visited 1 branch of the dungeon, and saw 9 of its levels.

You collected 269 gold pieces.

Inventory:

Hand Weapons
 a - a +4 mace of protection (weapon)
 e - a +0 short sword of holy wrath
 h - a +2 whip of venom
 s - a +2 dire flail of venom
Jewellery
 w - a cursed ring of teleportation (left tentacle)
 A - a cursed amulet of inaccuracy (around mantle)
Wands
 b - a wand of flame (10/48)
 c - a wand of enslavement (0/24)
 d - a wand of random effects (15/48)
 n - a wand of lightning (5/15)
 o - a wand of scattershot (2/9)
 B - a wand of lightning (11/15)
Scrolls
 i - a scroll of magic mapping
 l - a scroll of enchant weapon
 p - a scroll of teleportation
 u - 2 scrolls of amnesia
 y - a scroll of enchant armour
Potions
 j - a potion of brilliance
 m - 2 potions of magic
 t - a potion of curing
 v - a potion of flight {unknown}
 z - a potion of mutation {unknown}
Comestibles
 f - 4 bread rations
 g - 4 meat rations
 k - 2 royal jellies
 q - 11 fruits


   Skills:
 + Level 6.3 Fighting
 - Level 3.0 Short Blades
 * Level 5.7 Maces & Flails
 - Level 3.5 Dodging
 - Level 4.2 Stealth
 + Level 5.4 Invocations
 - Level 4.6 Evocations


You had 8 spell levels left.
You didn't know any spells.

Dungeon Overview and Level Annotations

Branches:
Dungeon (9/15)
 Temple: D:4-7         Lair: D:8-11         Orc: D:9-12

Altars:
Ashenzari
Kikubaaqudgha
Nemelex Xobeh
Okawaru
Sif Muna
Trog
Uskayaw
Wu Jian
Xom


Innate Abilities, Weirdness & Mutations

You cannot wear most types of armour.
You are very stealthy in the water. (Stealth+)
You are amphibious.
You can wear up to eight rings at the same time.
You can use your tentacles to constrict eight enemies at once.
Your skin changes colour to match your surroundings (Stealth+).
Your rubbery body absorbs attacks. (AC +1, EV +1)


Message History

You sock the orc warrior!
Your weapon exudes an aura of protection.
You grab the orc warrior.
The orc warrior is moderately wounded.
You constrict the orc warrior, but do no damage.
The orc completely misses you. The orc warrior misses you.
The orc barely misses you.
You feel yourself speed up.
You constrict the orc warrior, but do no damage.
The orc hits you with a war axe.
The orc warrior hits you with a dire flail!!
* * * LOW HITPOINT WARNING * * *
You release your grip on the orc warrior.
A two-headed ogre comes into view. It is wielding two giant clubs.
The two-headed ogre shouts in stereo!
The orc hits you but does no damage.
The orc warrior hits you with a dire flail!
* * * LOW HITPOINT WARNING * * *
The orc hits you from afar with a trident.
You die...

..#* #,....#,# *,*,*,,,*,** #.#
#.#...#.# *,*,,,,,,,,, #O#
#.#...#.# *,*********, #.#
*.....%.* *,* *,,,,, #.#
**#..O####### **,*****,**+* #.#
#.........# **,,,,,,,,*,,,
..######...#####.##*,,*****,,*,∩,
#.............o...##..# *,,*,,,
...............o@.....# *,,****
#.[....[......o..<#...# *,,,,,,
########.........##,O.#****,,,,,*
#...#######**,,.,,,,,***** #$..#
**,******* #...# *,*,,,,,* ***
#...# *,*,***,***,, #..,* *,*,*
*,,,,,, **** *,,,* *,,,***,,**,*


You could see an orc warrior and 2 orcs.

Vanquished Creatures
  Menkaure (D:6)
  Edmund (D:5)
  2 orc warriors
  An ice beast (D:9)
  3 ogres
  2 necrophages
  A bullfrog (D:6)
  2 scorpions
  A howler monkey (D:4)
  2 hounds (D:4)
  2 orc priests (D:6)
  6 orc wizards
  3 worker ants
  A hound zombie (D:5)
  2 hound skeletons (D:5)
  10 gnolls
  9 adders
  2 river rats (D:3)
  2 shadow imps
  8 oozes
  An adder zombie (D:5)
  2 adder skeletons (D:4)
  3 worms
  3 leopard geckos
  16 orcs
  3 ball pythons
  2 bats (D:1)
  9 giant cockroaches
  3 goblins
  4 hobgoblins
  4 jackals (D:2)
  3 quokkas
  4 frilled lizards
  12 kobolds
  14 rats
144 creatures vanquished.

Vanquished Creatures (collateral kills)
  A gnoll shaman (D:4)
  2 gnolls (D:4)
  An ooze (D:3)
  An orc (D:3)
  A goblin (D:3)
  A leopard gecko skeleton (D:4)
7 creatures vanquished.

Vanquished Creatures (others)
  An iguana (D:4)
  2 jellies (D:3)
  A kobold (D:3)
  3 fungi (D:3)
  6 toadstools (D:3)
13 creatures vanquished.

Grand Total: 164 creatures vanquished

Notes
Turn   | Place    | Note
-------+----------+-------------------------------------------
     0 | D:1      | Ijustatesigmund the Octopode Artificer began the quest for the Orb.
     0 | D:1      | Reached XP level 1. HP: 13/13 MP: 3/3
   213 | D:1      | Reached skill level 2 in Fighting
   213 | D:1      | Reached XP level 2. HP: 11/19 MP: 4/4
  1023 | D:1      | Reached skill level 1 in Maces & Flails
  1023 | D:1      | Reached XP level 3. HP: 24/25 MP: 5/5
  1600 | D:2      | Reached skill level 3 in Fighting
  1717 | D:2      | Reached XP level 4. HP: 31/31 MP: 6/6
  1750 | D:2      | Found an ornate altar of the Wu Jian Council.
  1804 | D:2      | Found a shimmering altar of Xom.
  1935 | D:3      | Found a shattered altar of Ashenzari.
  2124 | D:3      | Found a faded altar of an unknown god.
  2159 | D:3      | HP: 1/31 [gnoll/club (5)]
  2162 | D:3      | Reached XP level 5. HP: 1/36 MP: 7/7
  2614 | D:3      | Reached skill level 4 in Fighting
  2640 | D:3      | Found an ancient bone altar of Kikubaaqudgha.
  3060 | D:3      | Reached XP level 6. HP: 38/43 MP: 8/8
  3473 | D:4      | Found a deep blue altar of Sif Muna.
  3496 | D:4      | Reached XP level 7. HP: 41/49 MP: 9/9
  4141 | D:5      | Entered Level 5 of the Dungeon
  4160 | D:5      | Found an iron altar of Okawaru.
  4164 | D:5      | Became a worshipper of Warmaster Okawaru
  4166 | D:5      | Found a bloodstained altar of Trog.
  4294 | D:5      | Noticed Edmund
  4309 | D:5      | Killed Edmund
  4309 | D:5      | Reached XP level 8. HP: 33/54 MP: 11/11
  4464 | D:5      | Reached skill level 5 in Fighting
  4806 | D:6      | Found a hide-covered altar of Uskayaw.
  5271 | D:6      | Reached * piety under Okawaru
  5517 | D:6      | Noticed Menkaure
  5529 | D:6      | Killed Menkaure
  5881 | D:6      | You fall through a shaft for 3 floors!
  5954 | D:9      | Found a sparkling altar of Nemelex Xobeh.
  6099 | D:8      | Reached skill level 6 in Fighting
  6106 | D:8      | Reached ** piety under Okawaru
  6106 | D:8      | Reached skill level 5 in Maces & Flails
  6106 | D:8      | Reached skill level 5 in Invocations
  6106 | D:8      | Reached XP level 9. HP: 55/60 MP: 12/12
  6212 | D:8      | Noticed a two-headed ogre
  6213 | D:8      | HP: 2/63 [orc warrior/dire flail (11)]
  6213 | D:8      | Slain by an orc

Vault maps used:
D:1:      onia_arrival_larder
D:2:      lemuel_doored_altar, lemuel_coloured_pillars_altar, first_bread
D:3:      cheibrodos_fertilizer, kiku_gazebo_pond_becter,
          nicolae_overflow_crystal_walls, chequers_ecumenical_altar_twisty,
          portal_sewer_entry_e
D:4:      overflow_temple_1_default
D:5:      overflow_temple_1_default, basic_altar, uniq_edmund
D:6:      lemuel_crystal_altar, serial_glass, glass_columns_c, glass_columns_c,
          glass_columns_b, glass_columns_a, glass_columns_a, glass_columns_a,
          glass_columns_a, glass_columns_b, uniq_menkaure
D:7:      grunt_temple_overflow_lords_of_destruction,
          minmay_temple_entry_glassed_door, serial_shops, shop
D:8:      enter_ossuary_2
D:9:      zin_scriptorium, nicolae_overflow_hidden_temple,
          chequers_temple_overflow_statue_of_worship, uniq_grum, uniq_pikel

Skill      XL: |  1  2  3  4  5  6  7  8 |
---------------+-------------------------+-----
Fighting       | 2 3 4 6 |  6.3
Maces & Flails | 1 2 3 4 5 |  5.7
Stealth        | 2 4 |  4.2
Evocations     | 4 |  4.6
Dodging        | 3 |  3.5
Invocations    | 2 5 |  5.4
Short Blades   | 3 |  3.0

Action                   |  1- 3 |  4- 6 |  7- 9 || total
-------------------------+-------+-------+-------++-------
Melee: Short sword       |    18 |       |       ||    18
       Constrict         |    14 |    24 |    43 ||    81
       Tentacles         |     7 |    14 |    33 ||    54
       Mace              |    44 |    99 |   139 ||   282
       Dire flail        |       |       |    20 ||    20
       Punch             |       |       |     2 ||     2
Invok: Heroism           |       |       |     2 ||     2
Evoke: Wand              |       |    16 |     8 ||    24
  Use: Scroll            |     2 |     9 |     7 ||    18
       Potion            |       |     3 |     3 ||     6
 Stab: Sleeping          |     8 |    10 |     9 ||    27
       Distracted        |       |       |     1 ||     1
  Eat: Chunk             |     2 |     6 |     6 ||    14
       Royal jelly       |       |       |     2 ||     2
Armor: Skin              |    12 |    30 |    30 ||    72
Dodge: Dodged            |    47 |    84 |   132 ||   263

Table legend:
 A = Spawn XP
 B = Non-spawn XP
 C = Spawn XP percentage of total XP
 D = Spawn monster count
 E = Non-spawn monster count
 F = Spawn count percentage of total count
 G = Total turns spent on level
                    A         B        C        D         E        F      G
               +---------+---------+-------+---------+---------+-------+---------
         Total |       0 |    2785 |   0.0 |       0 |     151 |   0.0 |  6213
               +---------+---------+-------+---------+---------+-------+---------
           D:1 |       0 |      34 |   0.0 |       0 |      18 |   0.0 |  1046
           D:2 |       0 |      67 |   0.0 |       0 |      15 |   0.0 |   889
           D:3 |       0 |     269 |   0.0 |       0 |      46 |   0.0 |  1265
           D:4 |       0 |     612 |   0.0 |       0 |      29 |   0.0 |   941
           D:5 |       0 |     322 |   0.0 |       0 |      17 |   0.0 |   648
           D:6 |       0 |     579 |   0.0 |       0 |      12 |   0.0 |  1001
           D:8 |       0 |     511 |   0.0 |       0 |       9 |   0.0 |   117
           D:9 |       0 |     391 |   0.0 |       0 |       5 |   0.0 |   215
               +---------+---------+-------+---------+---------+-------+---------
